 Dungeon Crawl Stone Soup version 0.21-a0-88-g13b9641 (webtiles) character file.

24098 kuniqs the Fighter (level 13, -1/70 HPs)
             Began as a Vine Stalker Berserker on June 27, 2017.
             Was a Follower of Uskayaw.
             Slain by a two-headed ogre
             ... wielding a +0 giant club
             ... created by the rage of Trog
              (29 damage)
             ... in a volcano.
             The game lasted 00:19:13 (10108 turns).

kuniqs the Fighter (Vine Stalker Berserker)        Turns: 10108, Time: 00:19:14

Health: -1/70      AC: 21    Str: 27    XL:     13   Next: 10%
Magic:  0/6        EV: 12    Int: 10    God:    Uskayaw [*.....]
Gold:   577        SH:  0    Dex: 16    Spells: 12/12 levels left

rFire    + + .     SeeInvis .   Q - +8 quick blade (antimagic)
rCold    . . .     Gourm    .   (no shield)
rNeg     . . .     Faith    .   y - +0 plate armour
rPois    .         Spirit   +   B - +1 helmet {Int+3}
rElec    .         Reflect  .   N - +2 cloak
rCorr    .         Harm     .   M - +1 pair of gloves "Rem Tadiniarch" {Str+4}
MR       +....                  (no boots)
Stlth    ..........             p - amulet of regeneration
HPRegen  1.41/turn              V - ring of protection from fire
MPRegen  0.10/turn              J - ring of protection from fire

@: no status effects
A: fangs 3, regeneration 2, magic shield, antimagic bite, no potion heal 3, rot
immunity
a: Stomp, Renounce Religion


You were in a volcano.
You worshipped Uskayaw.
Uskayaw was noncommittal.
You were not hungry.

You visited 3 branches of the dungeon, and saw 12 of its levels.
You also visited: Ice Cave and Volcano.

You collected 577 gold pieces.

Inventory:

Hand Weapons
 Q - a +8 antimagic quick blade (weapon)
Armour
 y - a +0 plate armour (worn)
 B - a +1 helmet of intelligence (worn)
 M - the +1 pair of gloves "Rem Tadiniarch" (worn) {Str+4}
   (You acquired it on level 8 of the Dungeon)

   It affects your strength (+4).
 N - a +2 cloak (worn)
Jewellery
 p - an amulet of regeneration (around neck)
 w - a +3 amulet of reflection
 x - an uncursed ring of resist corrosion
 J - a ring of protection from fire (right hand)
 O - a +1 ring of slaying
 S - an uncursed ring of protection from cold
 U - a +2 ring of slaying
 V - a ring of protection from fire (left hand)
Wands
 j - a wand of paralysis (18/24)
 r - a wand of disintegration (15/24)
 s - a wand of disintegration (21/24)
 E - a wand of polymorph (9/24)
 I - a wand of flame (25/48)
 K - a wand of lightning (6/15)
 L - a wand of scattershot (2/9)
 R - a wand of paralysis (6/24)
Scrolls
 a - a scroll of magic mapping
 b - a scroll of enchant armour {unknown}
 c - a scroll of fog
 g - 4 scrolls of identify {@r1}
 k - 10 scrolls of remove curse {@r2}
 l - 8 scrolls of teleportation
 m - a scroll of fear {unknown}
 n - a scroll of immolation {unknown}
 o - a scroll of blinking {unknown}
 t - a scroll of recharging
 H - a scroll of noise {unknown}
Potions
 i - 5 potions of curing {@q1}
 q - a potion of might
 u - a potion of mutation {unknown}
 v - a potion of agility
 z - 2 potions of brilliance {unknown}
 A - a potion of berserk rage {unknown}
 C - 2 potions of magic
 D - a potion of invisibility {unknown}
 P - a potion of haste
 W - a potion of heal wounds {unknown}
Miscellaneous
 F - a lamp of fire
 G - a lightning rod (3/4)
Comestibles
 d - 9 bread rations
 e - 8 meat rations
 f - 6 fruits
 h - 6 royal jellies
 T - a chunk of flesh


   Skills:
 + Level 9.1 Fighting
 - Level 8.0 Short Blades
 + Level 8.2 Armour
 + Level 8.4 Dodging
 + Level 6.7 Stealth
 + Level 5.3 Invocations
 + Level 8.2 Evocations


You had 12 spell levels left.
You didn't know any spells.

Dungeon Overview and Level Annotations

Branches:
Dungeon (9/15)             Temple (1/1) D:7            Lair (2/6) D:8
  Snake (0/4) Lair:2
  Swamp: Lair:2-4    Shoals: Lair:2-4       Orc: D:9-12

Altars:
Ashenzari
Cheibriados
Dithmenos
Gozag
Hepliaklqana
Makhleb
Nemelex Xobeh
Qazlal
Ru
Sif Muna
Trog
Uskayaw
Vehumet
Wu Jian
Xom
Zin
The Shining One

Shops:
D:4 (

Annotations:
D:7 2 runed doors


Innate Abilities, Weirdness & Mutations

You have razor-sharp teeth.
You heal very quickly.
When hurt, damage is shared between your health and your magic reserves.
Your bite disrupts and absorbs the magic of your enemies.
Potions cannot restore your health.
You are immune to rotting.


Message History

A polar bear, a black bear, a two-headed ogre and a deep troll come into view.
You open the large door.
The black bear rages.
There is a large open door here.
The deep troll rages.
The polar bear rages.
You puncture the two-headed ogre!
You bite the two-headed ogre, but do no damage.
The two-headed ogre misses you. The two-headed ogre barely misses you.
You hit the two-headed ogre. You bite the two-headed ogre! You drain its power.
You hit the two-headed ogre. You puncture the two-headed ogre!
You bite the two-headed ogre. You drain its power.
The two-headed ogre hits you with a giant club!
The two-headed ogre hits you with a giant club!!
Your plate armour prevents you from hitting the two-headed ogre.
You bite the two-headed ogre! You drain its power.
You feel invigorated.
You completely miss the two-headed ogre.
The two-headed ogre hits you with a giant club!!
You die...

≈§≈≈§§≈§≈≈§≈≈§≈≈≈§§§.§≈§≈≈
§§≈≈≈≈§§§≈§≈§§§≈≈..§§§≈§≈≈
§§§≈.≈§§§.§§§§§§.≈≈≈§≈≈≈≈≈
§§................≈§≈≈§≈§≈
######'########.≈§≈≈≈≈§≈≈
#.#.. #§.≈≈≈≈≈≈§≈ #.#.#
#.§§≈≈≈≈≈≈≈ #.#.#
#§.§≈§≈≈≈§≈ #.#@#
#.≈§≈§§≈§≈≈
#.#O######§§≈§≈≈§ §§
#.#Th....#.§§ ≈§
###'###'h###§. §≈
#...§§#....# §§
#.8_8§#..∩.# §≈ §
+.....'....# ≈§≈≈ §§
############ §≈≈≈≈ §§≈≈§.
§§≈§≈§≈


You could see a two-headed ogre (berserk), a deep troll (berserk) and a polar
bear (berserk).

Vanquished Creatures
  A frost giant (IceCv)
  A hydra (Lair:1)
  2 death yaks (IceCv)
  3 two-headed ogres
  A fire crab (Volcano)
  A lindwurm (Volcano)
  An ice statue (IceCv)
  A spiny frog (Lair:1)
  3 rime drakes
  2 komodo dragons (Lair:1)
  A troll (D:9)
  15 polar bears (IceCv)
  Grinder (D:4)
  Prince Ribbit (D:6)
  3 hippogriffs
  A shadow (D:7)
  A wyvern (D:8)
  3 fire bats (Volcano)
  The ghost of Apogee the Chopper, an amateur MiFi (D:4)
  28 yaks
  3 hogs (D:7)
  A human (D:7)
  A steam dragon (Volcano)
  A naga (Lair:2)
  5 water moccasins (Lair:1)
  A hell hound (Volcano)
  3 orc warriors
  2 ice beasts
  A phantom (D:9)
  2 black bears
  A necrophage (D:6)
  15 wolves (IceCv)
  2 ogres
  4 centaurs
  2 crocodiles (Lair:1)
  A big kobold (D:7)
  6 bullfrogs
  7 scorpions
  A water moccasin skeleton (D:4)
  6 killer bees (D:7)
  4 wights (D:8)
  2 electric eels (D:8)
  2 howler monkeys
  6 lava snakes (Volcano)
  2 crimson imps
  4 hounds
  6 orc priests
  A centaur skeleton (D:5)
  A jelly (D:5)
  9 orc wizards
  Terence (D:2)
  3 iguanas
  7 worker ants
  2 hound skeletons (D:7)
  A howler monkey zombie (D:7)
  4 gnolls
  2 worker ant zombies
  13 adders
  2 shadow imps
  An adder zombie (D:7)
  4 worms
  A dart slug (D:1)
  4 leopard geckos
  23 orcs
  9 bats
  4 giant cockroaches
  8 goblins
  5 hobgoblins (D:3)
  15 jackals
  5 quokkas
  A ball python (D:2)
  8 frilled lizards
  7 kobolds
  A leopard gecko skeleton (D:4)
  A leopard gecko zombie (D:6)
  A quokka skeleton (D:5)
  4 rats
  A butterfly (D:4)
311 creatures vanquished.

Notes
Turn   | Place    | Note
-------+----------+-------------------------------------------
     0 | D:1      | kuniqs the Vine Stalker Berserker began the quest for the Orb.
     0 | D:1      | Reached XP level 1. HP: 11/11 MP: 2/2
   163 | D:1      | Reached XP level 2. HP: 8/16 MP: 0/3
   804 | D:2      | Reached XP level 3. HP: 13/19 MP: 2/4
  1152 | D:3      | Reached ** piety under Trog
  1184 | D:3      | Reached skill level 3 in Fighting
  1556 | D:3      | Gained mutation: Your natural rate of healing is unusually fast. [Vine Stalker growth]
  1556 | D:3      | Reached XP level 4. HP: 24/24 MP: 5/5
  1981 | D:4      | Noticed Apogee's ghost (amateur MiFi)
  1987 | D:4      | Killed Apogee's ghost
  1987 | D:4      | Reached XP level 5. HP: 29/29 MP: 6/6
  1987 | D:4      | Reached XP level 6. HP: 33/33 MP: 7/7
  2049 | D:4      | Found a shimmering altar of Xom.
  2085 | D:4      | Found a stormy altar of Qazlal.
  2085 | D:4      | Found a glowing silver altar of Zin.
  2185 | D:4      | Found an opulent altar of Gozag.
  2218 | D:4      | Found Obriblig's Weapon Shop.
  2273 | D:4      | Reached skill level 4 in Fighting
  2373 | D:4      | Found an ornate altar of the Wu Jian Council.
  2395 | D:4      | Noticed Grinder
  2414 | D:4      | Killed Grinder
  2414 | D:4      | Reached XP level 7. HP: 38/38 MP: 8/8
  2454 | D:4      | Found a shadowy altar of Dithmenos.
  2510 | D:4      | Found a sacrificial altar of Ru.
  2881 | D:5      | Entered Level 5 of the Dungeon
  3231 | D:2      | Found a sacrificial altar of Ru.
  3360 | D:2      | Noticed Terence
  3365 | D:2      | Killed Terence
  3410 | D:2      | Reached *** piety under Trog
  3988 | D:5      | Gained mutation: You have razor-sharp teeth. [Vine Stalker growth]
  3988 | D:5      | Reached XP level 8. HP: 40/42 MP: 9/9
  4162 | D:5      | Found a bloodstained altar of Trog.
  4343 | D:5      | Reached skill level 1 in Evocations
  4357 | D:5      | Reached skill level 5 in Short Blades
  4506 | D:5      | Reached skill level 5 in Fighting
  5084 | D:6      | Noticed Prince Ribbit
  5091 | D:6      | Killed Prince Ribbit
  5091 | D:6      | Reached XP level 9. HP: 47/47 MP: 11/11
  5235 | D:6      | Reached skill level 5 in Dodging
  5573 | D:7      | Found a staircase to the Ecumenical Temple.
  5580 | Temple   | Entered the Ecumenical Temple
  5672 | D:7      | Reached **** piety under Trog
  5682 | D:7      | Found a deep blue altar of Sif Muna.
  5761 | D:7      | Found a large runed door.
  5828 | D:7      | Found a large runed door.
  5872 | D:7      | Reached skill level 5 in Armour
  5922 | D:7      | Found a large runed door.
  5922 | D:7      | Found a large runed door.
  6017 | D:7      | Reached skill level 6 in Fighting
  6023 | D:7      | Received a gift from Trog
  6106 | D:7      | Reached XP level 10. HP: 52/53 MP: 14/14
  6835 | D:8      | Noticed a two-headed ogre
  6844 | D:8      | Killed a two-headed ogre
  6946 | D:8      | Reached skill level 5 in Evocations
  7285 | D:8      | Found a glowing golden altar of the Shining One.
  7339 | D:8      | Found a staircase to the Lair.
  7399 | D:8      | Identified 2 scrolls of acquirement
  7402 | D:8      | Got a pair of shimmering gloves
  7424 | D:8      | Identified the +1 pair of gloves "Rem Tadiniarch" {Str+4} (You acquired it on level 8 of the Dungeon)
  7478 | D:8      | Reached skill level 7 in Fighting
  7492 | D:8      | Reached ***** piety under Trog
  7512 | D:8      | Found a radiant altar of Vehumet.
  7615 | D:9      | Found a snail-covered altar of Cheibriados.
  7704 | D:9      | Noticed a two-headed ogre
  7708 | D:9      | Noticed a two-headed ogre
  7719 | D:9      | Killed a two-headed ogre
  7719 | D:9      | Reached XP level 11. HP: 58/58 MP: 13/16
  7722 | D:9      | Killed a two-headed ogre
  8166 | D:9      | Received a gift from Trog
  8177 | D:9      | Fell from the grace of Trog
  8241 | Temple   | Became a worshipper of Uskayaw the Reveler
  8332 | Lair:1   | Entered Level 1 of the Lair of Beasts
  8344 | Lair:1   | Reached * piety under Uskayaw
  8378 | Lair:1   | Reached ** piety under Uskayaw
  8484 | Lair:1   | Reached *** piety under Uskayaw
  8485 | Lair:1   | Reached skill level 1 in Invocations
  8529 | Lair:1   | Found a frozen archway.
  8562 | IceCv    | Entered an ice cave
  8586 | IceCv    | Reached **** piety under Uskayaw
  8589 | IceCv    | Reached skill level 8 in Fighting
  8590 | IceCv    | Reached ***** piety under Uskayaw
  8648 | IceCv    | Reached skill level 1 in Stealth
  8729 | IceCv    | Gained mutation: You heal very quickly. [Vine Stalker growth]
  8729 | IceCv    | Reached XP level 12. HP: 65/65 MP: 6/18
  8753 | IceCv    | Noticed a death yak
  8765 | IceCv    | Killed a death yak
  8847 | IceCv    | Reached ****** piety under Uskayaw
  9089 | IceCv    | Noticed a frost giant
  9089 | IceCv    | Noticed a death yak
  9103 | IceCv    | Killed a death yak
  9103 | IceCv    | Reached skill level 5 in Stealth
  9129 | IceCv    | Killed a frost giant
  9179 | IceCv    | Identified the Handbook of the Glacier
  9367 | Lair:1   | Noticed a seven-headed hydra
  9374 | Lair:1   | Killed a seven-headed hydra
  9374 | Lair:1   | Reached skill level 9 in Fighting
  9570 | Lair:1   | Got a translucent bronze ring
  9571 | Lair:1   | Identified the cursed ring of Myure {rC+ rN+ Str-5 Dex-4} (You found it on level 1 of the Lair of Beasts)
  9830 | Lair:2   | Found a staircase to the Snake Pit.
  9878 | Lair:2   | Found a dark tunnel.
  9895 | Volcano  | Entered a volcano
 10014 | Volcano  | Reached skill level 5 in Invocations
 10018 | Volcano  | Reached XP level 13. HP: 67/70 MP: 6/20
 10039 | Volcano  | Found a bloodstained altar of Trog.
 10108 | Volcano  | Slain by a two-headed ogre

Vault maps used:
D:1:      tarquinn_simple_flora_water_f
D:2:      cheibrodos_pilgrimage, hangedman_ru_absence, uniq_terence
D:3:      kennysheep_generic_room_13
D:4:      xom_butterflies, nicolae_dithmenos_through_a_glass_darkly,
          gammafunk_temple_overflow_elements, nicolae_gozag_seed_capital,
          nicolae_overflow_hidden_temple, nicolae_overflow_crystal_walls,
          first_bread, serial_shops, shop_statue, uniq_grinder
D:5:      kennysheep_mini_moat
D:6:      uniq_prince_ribbit1
D:7:      kennysheep_little_box, minmay_temple_entry_junction, grunt_livestock,
          minmay_hollow_rounded_squares
D:8:      tso_altar, old_standard_altar, lair_entry_dummy, minmay_crystal_water,
          hangedman_abyss_or_decor_stagger
D:9:      marbit_many_paths, lemuel_crystal_altar, basic_altar
Temple:   nicolae_temple_figure_zero
Lair:1:   portal_ice_cave_rime
Lair:2:   minmay_snake_entry_guardpost_small, lightli_volcano_entry_magma_tube,
          st_stairs_11, lemuel_fruit_fields, infiniplex_staircase_pool_2
IceCv:    ice_cave_caverns_01
Volcano:  volcano_lake

Skill      XL: |  1  2  3  4  5  6  7  8  9 10 11 12 |
---------------+-------------------------------------+-----
Armour         | 2 3 4 5 6 7 8 |  8.2
Short Blades   | 3 4 5 6 7 8 |  8.0
Dodging        | 2 3 4 5 6 7 8 |  8.4
Fighting       | 3 4 5 6 7 8 9 |  9.1
Evocations     | 2 4 5 7 8 |  8.2
Invocations    | 2 5 |  5.3
Stealth        | 2 6 |  6.7

Action                   |  1- 3 |  4- 6 |  7- 9 | 10-12 | 13-15 || total
-------------------------+-------+-------+-------+-------+-------++-------
Melee: Short sword       |   116 |   103 |    10 |       |       ||   229
       Bite              |    25 |    28 |    91 |   292 |    18 ||   454
       Rapier            |       |       |   313 |    74 |       ||   387
       Dagger            |       |       |       |   190 |       ||   190
       Quick blade       |       |       |       |   351 |    34 ||   385
Invok: Berserk           |     3 |     3 |     9 |     6 |       ||    21
       Trog's Hand       |       |     1 |       |       |       ||     1
       Burn Spellbooks   |       |       |       |     1 |       ||     1
       Renounce Religion |       |       |       |     1 |       ||     1
Evoke: Lamp of fire      |       |       |       |     2 |       ||     2
       Lightning rod     |       |       |       |     1 |       ||     1
       Wand              |       |       |       |     1 |       ||     1
  Use: Potion            |     1 |     1 |     2 |     3 |       ||     7
       Scroll            |     1 |     2 |     6 |    13 |       ||    22
 Stab: Sleeping          |     1 |       |       |       |       ||     1
       Paralysed         |       |       |       |    15 |     1 ||    16
  Eat: Chunk             |     5 |     5 |    19 |    17 |       ||    46
       Royal jelly       |       |       |     1 |     1 |       ||     2
Armor: Animal skin       |    13 |       |       |       |       ||    13
       Chain mail        |    11 |    66 |    74 |       |       ||   151
       Plate armour      |       |       |    51 |   171 |    12 ||   234
       Skin              |       |       |    26 |       |       ||    26
Dodge: Dodged            |    67 |    45 |   123 |   173 |     8 ||   416
Block: Other             |       |       |    15 |    28 |       ||    43
       Reflection        |       |       |       |     1 |       ||     1
